 Dungeon Crawl Stone Soup version 0.31-a0-986-g5e6e4ef867 (webtiles) character file.

Game seed: 5193737950028967475

2 dialectric the Sneak (level 1, -5/11 HPs)
             Began as a Spriggan Delver on Nov 5, 2023.
             Slain by an iguana (12 damage)
             ... on level 5 of the Dungeon.
             The game lasted 00:00:31 (88 turns).

dialectric the Sneak (Spriggan Delver)                Turns: 88, Time: 00:00:31

Health: -5/11      AC:  2    Str:  8    XL:     1   Next: 33%
Magic:  2/2        EV: 17    Int: 11    God:
Gold:   6          SH:  0    Dex: 16    Spells: 0/0 levels left

rFire   . . .        a - +0 short sword
rCold   . . .        (no shield)
rNeg    . . .        b - +0 robe
rPois   .            (helmet restricted)
rElec   .            (no cloak)
rCorr   .            (gloves unavailable)
SInv    +            (boots unavailable)
Will    .....        (no amulet)
Stlth   ++++         (no ring)
HPRegen 0.21/turn    (no ring)
MPRegen 0.08/turn

%: no passive effects
@: very quick
A: very small, no large weapons, unfitting armour, see invisible, speed 3
a: no special abilities


You were on level 5 of the Dungeon.
You visited 1 branch of the dungeon, and saw 1 of its levels.

You collected 6 gold pieces.

Inventory:

Hand Weapons
 a - a +0 short sword (weapon)
Armour
 b - a +0 robe (worn)
Wands
 g - a wand of digging (3)
Scrolls
 c - 2 scrolls of fog
 d - a scroll of revelation
 e - a scroll of fear
 h - a scroll of identify {unknown}
Potions
 f - a potion of haste
 i - a potion of curing {unknown}


   Skills:
 + Level 2.4 Fighting
 + Level 2.2 Short Blades
 + Level 2.7 Dodging
 + Level 7.4 Stealth


You couldn't memorise any spells.
You didn't know any spells.
Your spell library contained the following spells:

 Spells                   Type           Power      Damage    Failure   Level
 Summon Guardian Golem    Hex/Summ       0%         N/A       71%         3
 Orb of Destruction       Conj           0%         9d5       100%        7
 Spellforged Servitor     Conj/Summ      0%         N/A       100%        7


Dungeon Overview and Level Annotations

Branches:
Dungeon (5/15)
 Temple: D:4-7

Altars:

Annotations:
D:5 Sigmund


Innate Abilities, Weirdness & Mutations

You are very small and have problems with some larger weapons.
You are too small for most types of armour.
You have supernaturally acute eyesight. (SInv)
You cover ground extremely quickly. (Speed+++)


Message History

c - 2 scrolls of fog (gained 1)
An orc comes into view. It is wielding a +0 dagger.
Found a book of Dangerous Friends and a scroll labelled YBBUSM DISTOEL.
The orc shouts!
A sleepcap comes into view.
You see here a book of Dangerous Friends.
You pick up a book of Dangerous Friends and begin reading...
You add the spells Summon Guardian Golem, Orb of Destruction and Spellforged Servitor to your library.
The orc hits you with a +0 dagger. The sleepcap misses you.
You see here a scroll labelled YBBUSM DISTOEL.
h - a scroll labelled YBBUSM DISTOEL The sleepcap releases spores at you.
You are engulfed in a cloud of soporific spores!
You fall asleep.
The sleepcap releases spores at you.
You wake up.
Unknown command.
Found a chain mail.
You see here a +0 chain mail.
An iguana comes into view.
A scorpion comes into view.
Found a metallic dark potion.
The scorpion stings you. The scorpion attacks as it pursues you!
The scorpion closely misses you.
The iguana hisses angrily.
Found a scroll labelled MITUNI LOV XAO.
Found a stone staircase leading up.
Found a stone staircase leading up.
Found a stone staircase leading up.
You see here a metallic dark potion.
i - a metallic dark potion A steam dragon comes into view.
A white imp comes into view.
Found a smoky orange potion.
An ice beast comes into view.
There is a stone staircase leading up here.
The scorpion stings you but does no damage.
There is a stone staircase leading up here.
Unknown command.
The scorpion misses you. The iguana bites you!
Ouch! That really hurt!
You die...

##...#....###.<........
#..........##.........D
............##........##
............o..........#
............#..........#
#..........##...........
##...##...###.f.........
#### ##### #..ls.......
##..@.Y..... ##.........
######.... .... !5.


You could see a steam dragon (asleep), an ice beast, a sleepcap, a scorpion, an
iguana and an orc.

Vanquished Creatures
  A dart slug (D:5)
1 creature vanquished.

Notes
Turn   | Place    | Note
-------+----------+-------------------------------------------
     0 | D:5      | dialectric the Spriggan Delver began the quest for the Orb.
     0 | D:5      | Reached XP level 1. HP: 11/11 MP: 2/2
    26 | D:5      | Noticed a sleepcap
    26 | D:5      | Noticed Sigmund
    27 | D:5      | Noticed a gnoll bouda
    46 | D:5      | Noticed a sleepcap
    67 | D:5      | Noticed an iguana
    68 | D:5      | Noticed a scorpion
    81 | D:5      | Noticed a steam dragon
    82 | D:5      | Noticed an ice beast
    88 | D:5      | Slain by an iguana

Illustrated notes

Levels and vault maps discovered:
D:5:      layout_rooms, uniq_sigmund

Action                     || total
---------------------------++-------
  Melee: Short sword       ||     1
   Stab: Sleeping          ||     1
 Armour: Robe              ||     6
  Dodge: Dodged            ||     3

Table legend: (Time is in decaauts)
 A = Elapsed time spent in this place.
 B = Non-inter-level travel time spent in this place.
 C = Inter-level travel time spent in this place.
 D = Time resting spent in this place.
 E = Time spent auto-exploring this place.
 F = Levels seen in this place.
 G = Mean time per level.
                   A        B        C        D        E       F      G
               +--------+--------+--------+--------+--------+-----+--------+
         Total |     56 |     56 |      0 |      0 |      0 |   1 |   56.0 |
       Dungeon |     56 |     56 |      0 |      0 |      0 |   1 |   56.0 |
               +--------+--------+--------+--------+--------+-----+--------+

Top non-repeatable levels by time:
     D:5: 56 daAuts
